 Dungeon Crawl Stone Soup version 0.32-a0-314-g526f7d4993 (webtiles) character file.

Game seed: 3231057397432050580

218 Strat the Ruffian (level 5, -2/40 HPs)
             Began as a Draconian Shapeshifter on Feb 15, 2024.
             Slain by a gnoll
             ... wielding a +0 spear
             ... led by a gnoll bouda
              (3 damage)
             ... on level 4 of the Dungeon.
             The game lasted 00:04:21 (2427 turns).

Strat the Ruffian (Draconian Shapeshifter)          Turns: 2427, Time: 00:04:22

Health: -2/40      AC:  5    Str: 18    XL:     5   Next: 63%
Magic:  1/5        EV: 12    Int: 10    God:
Gold:   257        SH:  0    Dex: 11    Spells: 4/4 levels left

rFire   . .          .
                       - Unarmed
rCold   . . .        (no shield)
rNeg    . . .        (body armour unavailable)
rPois   .            (helmet currently unavailable)
rElec   .            (cloak currently unavailable)
rCorr   .            (gloves currently unavailable)
SInv    .            (boots currently unavailable)
Will    .....        (no amulet)
Stlth   +            (no ring)
HPRegen 0.26/turn    (no ring)
MPRegen 0.09/turn

%: no passive effects
@: beast-form
A: beast (slay +2), AC +5, unfitting armour, cold-blooded
a: Begin Untransformation


You were on level 4 of the Dungeon.
You were a hulking beast.
You visited 1 branch of the dungeon, and saw 4 of its levels.

You collected 257 gold pieces.

Inventory:

Armour
 o - a +1 pair of gloves
Talismans
 b - a beast talisman (active)
 c - a flux talisman
Scrolls
 g - a scroll of vulnerability
 h - 2 scrolls of noise
Potions
 a - 2 potions of lignification
 e - a potion of enlightenment
 i - a potion of curing
 j - a potion of heal wounds
 k - a potion of cancellation


   Skills:
 - Level 1.1 Fighting
 - Level 1.7 Dodging
 + Level 5.0 Unarmed Combat
 + Level 4.7 Shapeshifting


You had 4 spell levels left.
You didn't know any spells.
Your spell library contained the following spells:

 Spells                   Type           Power      Damage    Failure   Level
 Cigotuvi's Dreadful Rot  Necr/Alch/Air  0%         N/A       50%         2
 Ignite Poison            Fire/Alch      0%         N/A       98%         4
 Freezing Cloud           Conj/Ice/Air   0%         6-21      100%        5


Dungeon Overview and Level Annotations

Branches:
Dungeon (4/15)
 Temple: D:4-7

Altars:
Kikubaaqudgha

Shops:
D:3 [   D:4 [(


Innate Abilities, Weirdness & Mutations

You are a hulking beast.
Your limbs bulge with bestial killing power. (Slay +2)
Your plain brown scales are hard. (AC +5)
You cannot fit into any form of body armour.
You are cold-blooded and may be slowed by cold attacks.


Message History

The gnoll throws a throwing net.
The throwing net hits you.
You become entangled in the net!
You see here a throwing net.
You struggle against the net.
The gnoll shouts!
You tear a large gash into the net.
The gnoll hits you from afar with a +0 antimagic spear.
You rip the net and break free!
The gnoll hits you from afar with a +0 antimagic spear.
You feel your power leaking away.
The gnoll throws a throwing net.
The throwing net hits you.
You become entangled in the net!
The gnoll hits you from afar with a +0 spear.
The gnoll hits you from afar with a +0 antimagic spear!
* * * LOW HITPOINT WARNING * * *
You feel your power leaking away.
You see here a throwing net.
You struggle against the net.
The gnoll bouda hits you with a +0 club!
* * * LOW HITPOINT WARNING * * *
The gnoll hits you from afar with a +0 spear.
* * * LOW HITPOINT WARNING * * *
The gnoll closely misses you.
The gnoll hits you from afar with a +0 spear.
* * * LOW HITPOINT WARNING * * *
Okay, then.
You tear a large gash into the net.
The gnoll bouda hits you but does no damage.
The gnoll hits you from afar with a +0 spear.
* * * LOW HITPOINT WARNING * * *
The gnoll hits you but does no damage.
The gnoll hits you from afar with a +0 spear!
* * * LOW HITPOINT WARNING * * *
You shred the net and break free! The gnoll bouda misses you.
The gnoll hits you but does no damage.
The gnoll hits you from afar with a +0 antimagic spear.
* * * LOW HITPOINT WARNING * * *
You feel your power leaking away.
The gnoll hits you from afar with a +0 spear.
You die...

.....####.......##
.### #....)....#
#.........#
#.........## .
#..........#
#.##..........##
........ggg.#..#
.>.#.........#.#
##.#.....gh<.#.#
#.........).#
###.........#
#....รท......#
##.......##.#
##.....## ##
#######


You could see a gnoll bouda and 3 gnolls.

Vanquished Creatures
  A hound (D:4)
  3 gnolls (D:3)
  3 adders
  4 dart slugs
  4 ribbon worms
  3 orcs
  3 ball pythons
  5 bats
  8 endoplasms
  9 hobgoblins
  5 jackals
  A quokka (D:4)
  5 frilled lizards
  2 goblins
  6 kobolds
  4 rats
66 creatures vanquished.

Notes
Turn   | Place    | Note
-------+----------+-------------------------------------------
     0 | D:1      | Strat the Draconian Shapeshifter began the quest for the
                  | Orb.
     0 | D:1      | Reached XP level 1. HP: 16/16 MP: 1/1
   138 | D:1      | Reached XP level 2. HP: 23/23 MP: 2/2
   297 | D:1      | Reached XP level 3. HP: 22/28 MP: 3/3
   803 | D:2      | Reached skill level 4 in Unarmed Combat
   819 | D:2      | Reached XP level 4. HP: 35/35 MP: 4/4
   848 | D:2      | Found an ancient bone altar of Kikubaaqudgha.
  1169 | D:3      | Found a faded altar of an unknown god.
  1855 | D:4      | Reached XP level 5. HP: 37/40 MP: 5/5
  1939 | D:4      | Found Wiyssom's Antique Weapon Shoppe.
  2118 | D:4      | Found Obloth's Antique Armour Shop.
  2289 | D:3      | Reached skill level 5 in Unarmed Combat
  2427 | D:4      | HP: 1/40 [gnoll/+0 antimagic spear[a gnoll bouda] (3)]
  2427 | D:4      | Slain by a gnoll

Illustrated notes

Levels and vault maps discovered:
D:1:      lemuel_arrival_hallway, layout_basic
D:2:      layout_rooms, basic_altar
D:3:      layout_basic, nicolae_ecumenical_oubliette, serial_glass,
          glass_columns_a, glass_columns_a
D:4:      layout_rooms, serial_shops, shop, kennysheep_mini_moat, shop,
          nicolae_shop_waterfront

Skill      XL: |  1  2  3  4  5 |
---------------+----------------+-----
Unarmed Combat | 4 5 |  5.0
Shapeshifting  | 4 |  4.7
Fighting       | |  1.1
Dodging        | |  1.7

Action                     |  1- 3 |  4- 6 || total
---------------------------+-------+-------++-------
  Melee: Unarmed           |    75 |    98 ||   173
         Tailslap          |    12 |    12 ||    24
         Punch             |       |     1 ||     1
    Use: Scroll            |       |    11 ||    11
 Armour: Skin              |    31 |    79 ||   110
  Dodge: Dodged            |    45 |    60 ||   105

Table legend: (Time is in decaauts)
 A = Elapsed time spent in this place.
 B = Non-inter-level travel time spent in this place.
 C = Inter-level travel time spent in this place.
 D = Time resting spent in this place.
 E = Time spent auto-exploring this place.
 F = Levels seen in this place.
 G = Mean time per level.
                   A        B        C        D        E       F      G
               +--------+--------+--------+--------+--------+-----+--------+
         Total |   2418 |   2140 |    278 |    202 |   1415 |   4 |  604.5 |
       Dungeon |   2418 |   2140 |    278 |    202 |   1415 |   4 |  604.5 |
               +--------+--------+--------+--------+--------+-----+--------+

Top non-repeatable levels by time:
     D:3: 1032 daAuts
     D:2: 618 daAuts
     D:1: 571 daAuts
     D:4: 195 daAuts
